 Dungeon Crawl Stone Soup version 0.25-a0-160-gd1d2e81aba (console) character file.

Game seed: 3318030768013273184, levelgen mode: deterministic

5217 Kagalorn the Slinger (level 10, -2/74 HPs)
             Began as a Halfling Hunter on Nov 21, 2019.
             Was a Priest of Okawaru.
             Killed by the air
             ... invoked by Gastronok
              (25 damage)
             ... on level 9 of the Dungeon.
             The game lasted 00:31:11 (9364 turns).

Kagalorn the Slinger (Halfling Hunter)              Turns: 9364, Time: 00:31:11

Health: -2/74      AC: 20    Str: 16    XL:     10   Next: 92%
Magic:  4/4        EV:  9    Int: 12    God:    Okawaru [***...]
Gold:   297        SH:  7    Dex: 18    Spells: 9/9 levels left

rFire    . . .     SeeInvis .   b - +6 hand axe {antimagic, rElec Int+3}
rCold    . . .     Gourm    .   u - +0 buckler
rNeg     + . .     Faith    .   j - +0 plate armour
rPois    .         Spirit   .   (no helmet)
rElec    +         Reflect  .   o - +1 cloak {MR+}
rCorr    +         Harm     .   (no gloves)
MR       ++++.     Clarity  +   (no boots)
Stlth    ..........             v - amulet of the Four Winds {rN+ MR+++ Clar}
HPRegen  0.22/turn              w - ring of resist corrosion
MPRegen  0.09/turn              p - +5 ring of protection

@: no status effects
A: small, talons 1, rugged brown scales 1, agile 1, mutation resistance 1
a: Heroism, Renounce Religion


You were on level 9 of the Dungeon.
You worshipped Okawaru.
Okawaru was most pleased with you.
You were very hungry.

You visited 2 branches of the dungeon, and saw 10 of its levels.

You collected 297 gold pieces.

Inventory:

Hand Weapons
 a - a +1 hunting sling
 b - the +6 hand axe "Huaros" (weapon) {antimagic, rElec Int+3}
   (You took it off an orc on level 8 of the Dungeon)

   It reduces the magical energy of the wielder, and disrupts the spells and
   magical abilities of those hit.
   Natural abilities and divine invocations are not affected.
   It affects your intelligence (+3).
   It insulates you from electricity.
 C - a +0 short sword
 F - a +2 long sword of slicing
Missiles
 d - 210 sling bullets
 e - 187 stones
 s - 14 poisoned darts (quivered)
 x - a throwing net
Armour
 j - a +0 plate armour (worn)
 o - a +1 cloak of magic resistance (worn)
 u - a +0 buckler (worn)
Jewellery
 c - a +3 ring of intelligence
 p - a +5 ring of protection (right hand)
 v - the amulet of the Four Winds (around neck) {rN+ MR+++ Clar}
   (You found it on level 4 of the Dungeon)

   [amulet of nothing]

   It protects you from negative energy.
   It affects your resistance to hostile enchantments.
   It protects you against confusion.
 w - a ring of resist corrosion (left hand)
 B - an uncursed ring of flight
Wands
 y - a wand of iceblast (6)
Scrolls
 h - 3 scrolls of magic mapping
 i - 5 scrolls of remove curse
 k - 3 scrolls of fog
 l - 3 scrolls of teleportation
 m - 2 scrolls of enchant armour
 r - 3 scrolls of amnesia
 D - a scroll of immolation {unknown}
 E - a scroll of random uselessness {unknown}
Potions
 g - 2 potions of mutation
 n - a potion of might
 q - a potion of agility
 t - a potion of flight
 z - a potion of curing
 A - a potion of brilliance
Comestibles
 f - 5 rations


   Skills:
 * Level 7.6 Fighting
 + Level 13.1 Slings
 - Level 5.0 Armour
 - Level 5.0 Dodging
 - Level 5.0 Stealth
 - Level 5.6 Shields
 * Level 3.2 Invocations


You had 9 spell levels left.
You didn't know any spells.
Your spell library contained the following spells:

 Spells                   Type           Power        Failure   Level  Hunger
 Summon Lightning Spire   Summ/Air       #.......     100%        4    #####..
 Silence                  Hex/Air        #.........   100%        5    ######.
 Conjure Ball Lightning   Conj/Air       #.........   100%        6    #######
 Deflect Missiles         Chrm/Air       #.........   100%        6    #######
 Tornado                  Air            #.........   100%        9    #######


Dungeon Overview and Level Annotations

Branches:
Dungeon (9/15)             Temple (1/1) D:5
   Lair: D:8-11         Orc: D:9-12

Altars:
Ashenzari
Cheibriados
Dithmenos
Elyvilon
Fedhas
Gozag
Hepliaklqana
Kikubaaqudgha
Makhleb
Nemelex Xobeh
Okawaru
Qazlal
Ru
Sif Muna
Trog
Uskayaw
Vehumet
Wu Jian
Xom
Yredelemnul
Zin
The Shining One

Shops:
D:8 [

Annotations:
D:9 Gastronok


Innate Abilities, Weirdness & Mutations

You are small and have problems with some larger weapons.
You are somewhat resistant to further mutation.
You have sharp toenails.
You are partially covered in rugged brown scales. (AC +1, +3% HP)
You are agile. (Dex +2)


Message History

Gastronok is heavily wounded.
Gastronok completely misses you.
You hit Gastronok.
Gastronok's magic leaks into the air.
You claw Gastronok.
Gastronok is heavily wounded.
You slash Gastronok!
Gastronok's magic leaks into the air.
Gastronok is heavily wounded.
Gastronok bites you!
You slash Gastronok!
Gastronok's magic leaks into the air.
Gastronok is heavily wounded.
Gastronok barely misses you.
You slash Gastronok!
Gastronok's magic leaks into the air.
You claw Gastronok.
Gastronok is severely wounded.
Your plate armour prevents you from hitting Gastronok.
Gastronok is severely wounded.
Gastronok bites you!!
You hit Gastronok.
Gastronok's magic leaks into the air.
Gastronok is severely wounded.
Gastronok waves his eye-stalks in wide circles.
The air twists around and strikes you!!
You die...

#.#..#.......#
#.#.###......###
#.#......#..<..#
#.......####.#.###
#######.##.......#
#.##....##.######
#+##....##......#
.......#<.....+
......#.#@.....#
........w......#
....###.#......#
.....###### #..
#.. ### ###


You could see Gastronok.

Vanquished Creatures
  Pikel (D:8)
  Joseph (D:8)
  2 hippogriffs (D:9)
  A wyvern (D:9)
  Grum (D:8)
  A water moccasin (D:5)
  2 orc warriors
  A sky beast (D:6)
  3 ice beasts
  3 ogres
  A phantom (D:7)
  3 wolves (D:8)
  5 centaurs
  A crocodile (D:8)
  14 bullfrogs
  A wyvern zombie (D:6)
  A scorpion (D:4)
  6 crimson imps
  A bullfrog zombie (D:5)
  4 hounds
  2 jellies
  An orc priest (D:6)
  3 bullfrog skeletons
  Jessica (D:3)
  2 iguanas
  6 orc wizards
  A killer bee zombie (D:7)
  3 gnolls (D:3)
  12 adders
  2 shadow imps
  An ooze (D:1)
  2 adder skeletons
  A dart slug (D:1)
  5 worms
  4 leopard geckos
  13 orcs
  9 bats
  8 giant cockroaches
  7 goblins
  6 hobgoblins
  11 jackals
  12 kobolds
  3 quokkas
  A ball python (D:1)
  7 frilled lizards
  A giant cockroach zombie (D:5)
  A leopard gecko skeleton (D:5)
  8 rats
186 creatures vanquished.

Notes
Turn   | Place    | Note
-------+----------+-------------------------------------------
     0 | D:1      | Kagalorn the Halfling Hunter began the quest for the Orb.
     0 | D:1      | Reached XP level 1. HP: 14/14 MP: 1/1
    39 | D:1      | Reached skill level 6 in Slings
   100 | D:1      | Reached XP level 2. HP: 16/19 MP: 2/2
   387 | D:1      | Reached skill level 7 in Slings
   387 | D:1      | Reached XP level 3. HP: 24/24 MP: 3/3
   406 | D:1      | You fall into a shaft and drop 1 floor!
   839 | D:2      | Reached XP level 4. HP: 12/29 MP: 4/4
   863 | D:2      | Reached skill level 8 in Slings
  1636 | D:3      | Reached XP level 5. HP: 23/34 MP: 5/5
  1697 | D:3      | Found an opulent altar of Gozag.
  1744 | D:3      | Found a sparkling altar of Nemelex Xobeh.
  1994 | D:3      | Reached skill level 9 in Slings
  2273 | D:3      | Noticed Jessica
  2286 | D:3      | Killed Jessica
  2586 | D:3      | Reached XP level 6. HP: 31/39 MP: 6/6
  2651 | D:4      | Found the amulet of the Four Winds {rN+ MR+++ Clar}
  2742 | D:4      | Reached skill level 10 in Slings
  3299 | D:4      | Found a sparkling altar of Nemelex Xobeh.
  3383 | D:5      | Entered Level 5 of the Dungeon
  3385 | D:5      | Noticed a water moccasin
  3504 | D:5      | Noticed an ice beast
  4027 | D:5      | Gained mutation: Armour fits poorly on your strangely
                  | shaped body. [potion of mutation]
  4027 | D:5      | Gained mutation: You have sharp toenails. [potion of
                  | mutation]
  4035 | D:5      | Killed a water moccasin
  4035 | D:5      | Reached skill level 11 in Slings
  4035 | D:5      | Reached XP level 7. HP: 28/44 MP: 7/7
  4286 | D:4      | Lost mutation: Armour fits poorly on your strangely shaped
                  | body. [potion of mutation]
  4286 | D:4      | Gained mutation: You are partially covered in rugged brown
                  | scales. (AC +1, +3% HP) [potion of mutation]
  4286 | D:4      | Gained mutation: You are agile. (Dex +2) [potion of
                  | mutation]
  4639 | D:5      | Found a staircase to the Ecumenical Temple.
  4654 | D:5      | Reached skill level 12 in Slings
  4672 | Temple   | Entered the Ecumenical Temple
  4810 | Temple   | Became a worshipper of Warmaster Okawaru
  5089 | D:6      | Reached skill level 1 in Armour
  5089 | D:6      | Reached XP level 8. HP: 51/51 MP: 8/8
  5128 | D:6      | Reached skill level 1 in Shields
  5216 | D:6      | Reached * piety under Okawaru
  5910 | D:6      | Reached XP level 9. HP: 36/59 MP: 9/9
  6376 | D:6      | Found a blossoming altar of Fedhas.
  6909 | D:7      | Reached ** piety under Okawaru
  7082 | D:7      | Reached skill level 5 in Fighting
  7290 | D:7      | Reached skill level 5 in Armour
  7545 | D:8      | Noticed Grum
  7590 | D:8      | Reached skill level 5 in Shields
  7609 | D:8      | Reached *** piety under Okawaru
  7609 | D:8      | Received a gift from Okawaru
  7609 | D:8      | Reached XP level 10. HP: 61/67 MP: 8/10
  7625 | D:8      | Reached skill level 1 in Invocations
  7634 | D:8      | Killed Grum
  7868 | D:8      | Found a glowing silver altar of Zin.
  7889 | D:8      | Found Ilofewuif's Antique Armour Emporium.
  7954 | D:8      | Reached skill level 5 in Stealth
  8091 | D:8      | Noticed Joseph
  8113 | D:8      | Identified the +6 hand axe "Huaros" {antimagic, rElec
                  | Int+3}
  8157 | D:8      | Killed Joseph
  8157 | D:8      | Received a gift from Okawaru
  8157 | D:8      | Reached skill level 5 in Dodging
  8513 | D:8      | Noticed Pikel
  8639 | D:8      | Killed Pikel
  8676 | D:9      | Received a gift from Okawaru
  9021 | D:9      | Reached skill level 13 in Slings
  9062 | D:9      | Received a gift from Okawaru
  9341 | D:9      | Noticed Gastronok
  9364 | D:9      | Killed from afar by Gastronok

Levels and vault maps discovered:
D:1:      dpeg_arrival_rooms_c, layout_basic, serial_bayou_lagoon_a,
          minmay_quantized
D:2:      layout_basic
D:3:      minmay_door_path, layout_basic, lemuel_doored_altar,
          grunt_gozag_breadcrumbs, uniq_jessica
D:4:      layout_cave_pools, serial_glass, glass_columns_b, glass_columns_a,
          feat_on_display, feat_on_display, feat_on_display,
          minmay_strange_pillars, nemelex_spade_bored_becter
D:5:      layout_cave_pools, minmay_temple_entry_statues_pillars, first_ration
D:6:      layout_basic, lemuel_coloured_pillars_altar, st_stairs_14
D:7:      layout_rooms
D:8:      layout_basic, serial_shops, shop, basic_altar, uniq_grum, uniq_pikel,
          uniq_joseph
D:9:      layout_basic, uniq_gastronok
Temple:   regret_index_temple_chain_breaker

Skill      XL: |  1  2  3  4  5  6  7  8  9 10 |
---------------+-------------------------------+-----
Slings         | 6 7 8 9 11 12 13 | 13.1
Fighting       | 2 4 5 7 |  7.6
Armour         | 1 3 5 |  5.0
Shields        | 2 5 |  5.6
Stealth        | 3 4 5 |  5.0
Dodging        | 3 4 5 |  5.0
Invocations    | 3 |  3.2

Action                   |  1- 3 |  4- 6 |  7- 9 | 10-12 || total
-------------------------+-------+-------+-------+-------++-------
Melee: Short sword       |    93 |   222 |   184 |    22 ||   521
       Hunting sling     |       |     2 |       |       ||     2
       Kick              |       |     1 |    70 |    30 ||   101
       Hand axe          |       |       |       |    61 ||    61
 Fire: Hunting sling     |    32 |   144 |   359 |   190 ||   725
Throw: Dart              |       |     4 |       |       ||     4
Invok: Heroism           |       |       |     2 |     5 ||     7
  Use: Potion            |       |     4 |     1 |       ||     5
       Scroll            |       |     2 |     9 |       ||    11
  Eat: Chunk             |       |     7 |     6 |     2 ||    15
       Ration            |       |     1 |     1 |     1 ||     3
Armor: Leather armour    |     4 |       |       |       ||     4
       Plate armour      |    52 |   235 |   233 |   126 ||   646
Dodge: Dodged            |    42 |   120 |   148 |    69 ||   379
Block: Buckler           |       |    29 |    95 |    59 ||   183

Table legend:
 A = Non-vault XP
 B = Vault XP
 C = Vault XP percentage of total XP
 D = Non-vault monster count
 E = Vault monster count
 F = Vault count percentage of total count
                 A         B        C        D         E       F
            +---------+---------+-------+---------+---------+-------
      Total |    5745 |    1708 |  22.9 |     169 |      17 |   9.1
            +---------+---------+-------+---------+---------+-------
        D:1 |      41 |       9 |  18.0 |      20 |       6 |  23.1
        D:2 |      60 |       0 |   0.0 |      18 |       0 |   0.0
        D:3 |     130 |      44 |  25.3 |      29 |       4 |  12.1
        D:4 |     190 |       0 |   0.0 |      13 |       0 |   0.0
        D:5 |     451 |       0 |   0.0 |      16 |       0 |   0.0
        D:6 |    1552 |      42 |   2.6 |      26 |       1 |   3.7
        D:7 |    1007 |       0 |   0.0 |      18 |       0 |   0.0
        D:8 |    1288 |    1613 |  55.6 |      19 |       6 |  24.0
        D:9 |    1026 |       0 |   0.0 |      10 |       0 |   0.0
            +---------+---------+-------+---------+---------+-------
